 Dungeon Crawl Stone Soup version 0.28-a0-771-g91a516d0e7 (webtiles) character file.

Game seed: 1356819785363009409

176112 Astera the Executioner (level 17, -4/117 HPs)
             Began as a Minotaur Fighter on Oct 31, 2021.
             Was the Champion of Elyvilon.
             Killed from afar by a starcursed mass (7 damage)
             ... with an accursed screaming
             ... on level 2 of the Abyss on Nov 1, 2021.
             The game lasted 02:25:54 (32646 turns).

Astera the Executioner (Minotaur Fighter)          Turns: 32646, Time: 02:25:54

Health: -4/117     AC: 29    Str: 18 (19) XL:     17   Next: 49%
Magic:  10/13      EV: 11    Int:  0 (1)  God:    Elyvilon [******]
Gold:   1992       SH:  0    Dex: 30 (31) Spells: 16/16 levels left

rFire   + + .      SeeInvis .   b - +5 battleaxe of the Middle {vorpal, rC+ rN+ rCorr}
rCold   + . .      Faith    .   (shield currently unavailable)
rNeg    + + .      Spirit   .   D - +9 plate armour "Xutisi" {rElec Dex+7}
rPois   .          Reflect  .   (helmet restricted)
rElec   +          Harm     .   X - +0 cloak
rCorr   +          Rampage  +   z - +0 pair of gloves
Will    +....      Rage     3%  h - +2 pair of boots {rampage}
Stlth   ..........              Z - amulet "Veh Wyewa" {Regen+ Dex+3}
HPRegen 0.00/turn               O - ring of the Catfish {Fly rF++ Str-3 Int-2 Dex+8}
MPRegen 0.13/turn               y - ring of Oqaem {rN+ rCorr Dex+7}

@: sick, flying, inhibited regen, slowed, lost intelligence, studying 2 skills,
unable to read, very slow
A: horns 2, retaliatory headbutt, [berserk 2], [clumsy 2], [deformed body],
deterioration 1[+1], [dopey 2], [frail 3], [low mp 3], [screaming 2], [inhibited
regeneration], [weak 2], no potion heal 1[+1], [subdued magic 3]
a: Renounce Religion, Purification, Heal Other, Heal Self, Divine Vigour


You were on level 2 of the Abyss.
You worshipped Elyvilon.
Elyvilon was exalted by your worship.
You visited 4 branches of the dungeon, and saw 23 of its levels.
You visited the Abyss 2 times.
You also visited: Bailey.

You collected 2825 gold pieces.
You spent 833 gold pieces at shops.

Inventory:

Hand Weapons
 b - the +5 battleaxe of the Middle (weapon) {vorpal, rC+ rN+ rCorr}
   (You acquired it on level 11 of the Dungeon)

   It inflicts extra damage upon your enemies.
   rC:        It protects you from cold.
   rN:        It protects you from negative energy.
   rCorr:     It protects you from acid and corrosion.
 m - a +6 battleaxe of electrocution
 B - a +3 executioner's axe of pain
 L - a +0 broad axe of freezing
Missiles
 d - 10 javelins
 k - 63 boomerangs
 r - 90 poisoned darts (quivered)
 t - 6 atropa-tipped darts
 v - 3 datura-tipped darts
 M - 6 throwing nets
 T - 13 curare-tipped darts
Armour
 h - a +2 pair of boots of rampaging (worn)
 u - a +0 kite shield of reflection
 z - a +0 pair of gloves (worn)
 D - the +9 plate armour "Xutisi" (worn) {rElec Dex+7}
   (You found it on level 6 of the Dungeon)

   Dex:       It affects your dexterity (+7).
   rElec:     It insulates you from electricity.
 X - a +0 cloak (worn)
Jewellery
 x - the ring "Koavyto" {Drain rF+ Will+ Int+2 Dex+6}
   (You found it on level 1 of the Elven Halls)

   [ring of dexterity]

   Int:       It affects your intelligence (+2).
   Dex:       It affects your dexterity (+6).
   rF:        It protects you from fire.
   Drain:     It drains your maximum health when unequipped.
   Will:      It increases your willpower.
 y - the ring of Oqaem (right hand) {rN+ rCorr Dex+7}
   (You found it on level 6 of the Dungeon)

   [ring of positive energy]

   Dex:       It affects your dexterity (+7).
   rN:        It protects you from negative energy.
   rCorr:     It protects you from acid and corrosion.
 F - the ring "Nefahace" {rCorr Str+6}
   (You found it on level 2 of the Abyss)

   [ring of resist corrosion]

   Str:       It affects your strength (+6).
   rCorr:     It protects you from acid and corrosion.
 O - the ring of the Catfish (left hand) {Fly rF++ Str-3 Int-2 Dex+8}
   (You took it off a gnoll on level 8 of the Dungeon)

   [ring of flight]

   Str:       It affects your strength (-3).
   Int:       It affects your intelligence (-2).
   Dex:       It affects your dexterity (+8).
   rF:        It greatly protects you from fire.
   Fly:       It grants you flight.
 Z - the amulet "Veh Wyewa" (around neck) {Regen+ Dex+3}
   (You found it on level 2 of the Abyss)

   [amulet of regeneration]

   Dex:       It affects your dexterity (+3).
   Regen:     It increases your rate of health regeneration.
Wands
 a - a wand of acid (33)
 c - a wand of paralysis (26)
 l - a wand of iceblast (17)
 A - a wand of charming (18)
 N - a wand of flame (77)
 P - a wand of polymorph (9)
Scrolls
 f - 2 scrolls of fog
 g - 7 scrolls of teleportation
 i - 2 scrolls of acquirement
 j - 5 scrolls of blinking
 n - 2 scrolls of enchant weapon
 q - 6 scrolls of magic mapping
 s - 6 scrolls of enchant armour
 E - 4 scrolls of fear
 G - 3 scrolls of brand weapon
 H - a scroll of summoning
 Q - 9 scrolls of identify
 S - 5 scrolls of immolation
 W - a scroll of holy word
Potions
 e - 6 potions of haste
 o - 11 potions of curing
 p - 2 potions of mutation
 w - 4 potions of lignification
 C - 3 potions of cancellation
 J - a potion of invisibility
 K - 9 potions of ambrosia
 R - a potion of might
 U - 2 potions of berserk rage
 V - 2 potions of attraction
 Y - a potion of resistance
Miscellaneous
 I - a phial of floods


   Skills:
 + Level 19.2 Fighting
 + Level 22.6 Axes
 + Level 2.0 Throwing
 + Level 17.8 Armour
 + Level 5.8 Dodging
 + Level 2.5 Stealth
 + Level 12.5 Shields
 + Level 5.2 Invocations
 + Level 2.6 Evocations


You had 16 spell levels left.
You didn't know any spells.
Your spell library contained the following spells:

 Spells                   Type           Power      Damage    Failure   Level
 Call Imp                 Summ           0%         N/A       100%        2
 Ensorcelled Hibernation  Hex/Ice        0%         N/A       100%        2
 Scorch                   Fire           0%         2d5       100%        2
 Static Discharge         Conj/Air       0%         N/A       100%        2
 Gell's Gravitas          Tloc           0%         N/A       100%        3
 Ignite Poison            Fire/Tmut/Pois 0%         N/A       100%        3
 Lesser Beckoning         Tloc           0%         N/A       100%        3
 Mephitic Cloud           Conj/Pois/Air  0%         N/A       100%        3
 Ozocubu's Armour         Ice            0%         N/A       100%        3
 Spider Form              Tmut/Pois      0%         N/A       100%        3
 Teleport Other           Tloc           0%         N/A       100%        3
 Airstrike                Air            0%         N/A       100%        4
 Flame Wave               Conj/Fire      0%         3d3       100%        4
 Fulminant Prism          Conj/Hex       0%         3d6       100%        4
 Iskenderun's Mystic Bla  Conj/Tloc      0%         2d3       100%        4
 Summon Lightning Spire   Summ/Air       0%         N/A       100%        4
 Freezing Cloud           Conj/Ice/Air   0%         6-21      100%        5
 Lee's Rapid Deconstruct  Erth           0%         3d5*      100%        5
 Lightning Bolt           Conj/Air       0%         1d11      100%        5
 Metabolic Englaciation   Hex/Ice        0%         N/A       100%        5
 Simulacrum               Ice/Necr       0%         N/A       100%        6
 Summon Cactus Giant      Summ           0%         N/A       100%        6
 Ozocubu's Refrigeration  Ice            0%         4d5       100%        7
 Summon Horrible Things   Summ           0%         N/A       100%        8
 Polar Vortex             Ice            0%         N/A       100%        9


Dungeon Overview and Level Annotations

Branches:
Dungeon (12/15)            Temple (0/1) D:5            Lair (6/6) D:8
  Swamp (0/4) Lair:4        Snake (0/4) Lair:2        Slime (0/5) Lair:5
    Orc (2/2) D:9             Elf (3/3) Orc:2        Bailey (visited)

Altars:
Elyvilon
Fedhas
Kikubaaqudgha
Nemelex Xobeh
Okawaru
Ru
Trog
Uskayaw
Vehumet
Beogh
Jiyva

Shops:
D:1 *   D:3 *   Orc:2 :[?(   Elf:3 !

Annotations:
Elf:3 2 transporters, 1994's ghost, adept OgHu


Innate Abilities, Weirdness & Mutations

You have a pair of horns on your head.
You reflexively headbutt those who attack you in melee.
[You often lose your temper in combat.]
[You are very clumsy. (Dex -4)]
[Armour fits poorly on your strangely shaped body.]
[Your body often deteriorates upon taking damage.]
[You are very dopey. (Int -4)]
[You are extremely frail. (-30% HP)]
[Your magical capacity is extremely low. (-30% MP)]
[You frequently scream uncontrollably at your foes.]
[You do not regenerate when monsters are visible.]
[You are very weak. (Str -4)]
[Potions cannot restore your health.]
[Your spells are much easier to cast, but much less powerful.]


Message History

A chorus of shrieks assaults your mind.
* * * LOW HITPOINT WARNING * * *
You slash the white imp!
The white imp is severely wounded.
The white imp gestures at you.
The puff of frost hits you but does no damage.
The white imp barely misses you. You furiously retaliate!
You headbutt the white imp!
You kill the white imp!
A starcursed mass splits. x2
A chorus of shrieks assaults your mind.
* * * LOW HITPOINT WARNING * * *
A deafening chorus of shrieks assaults your mind!
Elyvilon protects you from harm!
You suddenly lose the ability to move!
A starcursed mass splits.
You can move again.
You have no ailments to cure.
You are healed.
A deafening chorus of shrieks assaults your mind!
* * * LOW HITPOINT WARNING * * *
You shrug off the repeated paralysis!
The starcursed mass touches you but does no damage.
You hit the starcursed mass but do no damage.
The starcursed mass touches you but does no damage.
A deafening chorus of shrieks assaults your mind!
* * * LOW HITPOINT WARNING * * *
Your body deteriorates!
You feel clumsy.
You hit the starcursed mass. You headbutt the starcursed mass.
The starcursed mass is severely damaged.
You slash the starcursed mass!
You destroy the starcursed mass!
The starcursed mass shudders and is absorbed by its neighbour.
A starcursed mass splits.
A chorus of shrieks assaults your mind.
* * * LOW HITPOINT WARNING * * *
You slice the starcursed mass!!
The starcursed mass is almost destroyed.
The starcursed mass shudders and is absorbed by its neighbour.
A chorus of shrieks assaults your mind.
You die...

#. . #. .. .# ..#
##..###....# ## ≈≈##
#.##...##.. #.#
#≈...##......#..##.#
#...@#.#.... ##.##..
##.#..X###.......#.
###.#...#... ..#.#
####...#.##X# #.#
##.XX.X.#...#
####...#. ..##
#..#.. ..# ####
.#.... .#. ..X##.#


You could see 3 starcursed masses.

Vanquished Creatures
  Rupert (Orc:2)
  A lich (Abyss:2)
  A deep elf blademaster (Elf:2)
  2 acid blobs (Lair:5)
  2 tentacled starspawn (Abyss:2)
  A daeva (Abyss:2)
  2 orc warlords
  2 deep elf demonologists
  A deep elf annihilator (Elf:3)
  2 lorocyprocas (Abyss:2)
  A green death (Abyss:2)
  2 deep elf death magi (Elf:2)
  A fire dragon (Lair:6)
  A great orb of eyes (Abyss:2)
  4 boulder beetles
  An ice dragon (Lair:5)
  9 hydras
  2 ogre magi (Orc:2)
  2 death knights
  3 centaur warriors
  2 catoblepae
  2 two-headed ogres
  27 dancing weapons
  13 death yaks
  3 thrashing horrors (Abyss:2)
  Urug (Orc:2)
  15 deep elf knights
  Nergalle (Orc:2)
  A wretched star (Abyss:2)
  A shadow wraith (Abyss:2)
  2 spatial maelstroms (Abyss:2)
  The ghost of Ijustatesigmund the Covert, a novice GnDe of Cheibriados (D:8)
  A sixfirhy (Abyss:2)
  2 skeletal warriors
  A death drake (shapeshifter) (Elf:1)
  A swamp dragon (Lair:6)
  8 deep elf archers
  A phantasmal warrior (D:11)
  29 deep elf zephyrmancers
  24 deep elf pyromancers
  8 orc sorcerers
  3 cyclopes
  A wolf spider (Lair:6)
  3 ugly things
  A worldbinder (Abyss:2)
  8 elephants
  10 black mambas
  2 apocalypse crabs (Abyss:2)
  2 orange demons (Abyss:2)
  A guardian serpent (Lair:6)
  Maggie (D:9)
  3 smoke demons (Abyss:2)
  A gargoyle (D:7)
  20 cane toads
  7 rime drakes
  2 kobold demonologists (D:9)
  7 komodo dragons
  An efreet (Abyss:2)
  An unseen horror (Abyss:2)
  An ancient zyme (Abyss:2)
  An anaconda simulacrum (Lair:5)
  3 hellwings (Abyss:2)
  An entropy weaver simulacrum (Lair:5)
  2 ice devils (Lair:5)
  A tyrant leech (Lair:4)
  3 meliai (Lair:4)
  5 polar bears
  A queen bee (Lair:4)
  5 slime creatures
  3 trolls
  Grinder (D:3)
  3 blink frogs (Lair:6)
  5 hornets
  A spriggan (Lair:4)
  6 ynoxinuls (Abyss:2)
  3 water elementals
  2 shadows
  2 air elementals (Elf:1)
  61 yaks
  A redback (Lair:6)
  7 small abominations (Abyss:2)
  6 wraiths
  7 wyverns
  4 basilisks
  2 steam dragons
  2 neqoxecs (Abyss:2)
  2 vampires
  2 golden eyes (Abyss:2)
  A chaos spawn (Abyss:2)
  3 fire elementals
  2 wargs (Orc:2)
  A vampire mosquito (D:8)
  2 spatial vortices (Abyss:2)
  4 acid dragons
  2 nagas (Lair:2)
  2 swamp worms (Lair:4)
  4 large abominations (Abyss:2)
  12 orc warriors
  27 water moccasins
  A hell hound (Abyss:2)
  5 black bears
  3 sky beasts
  An ice beast (D:6)
  13 wolves
  4 necrophages
  4 centaurs
  13 ogres
  2 phantoms
  16 kobold brigands
  16 bullfrogs
  A two-headed ogre simulacrum (Lair:5)
  6 gnoll sergeants
  A scorpion (D:5)
  A wyvern zombie (D:8)
  A water moccasin zombie (D:6)
  A cane toad simulacrum (Lair:5)
  3 earth elementals (Elf:1)
  A water moccasin skeleton (D:5)
  An elephant simulacrum (Lair:5)
  17 killer bees
  12 wights
  4 howler monkeys
  A bullfrog zombie (D:6)
  6 centaur zombies
  A starcursed mass (Abyss:2)
  12 orc priests
  A gnoll shaman (D:8)
  3 hounds
  2 bullfrog skeletons
  6 iguanas
  4 hell rats (Lair:5)
  34 orc wizards
  A killer bee zombie (D:8)
  A howler monkey zombie (D:8)
  17 gnolls
  A howler monkey skeleton (D:7)
  9 adders
  2 shadow imps (Abyss:2)
  2 white imps
  An ufetubus (Abyss:2)
  A worm (D:2)
  3 dart slugs
  69 orcs
  5 bats
  9 endoplasms
  4 giant cockroaches
  11 goblins
  14 hobgoblins
  7 jackals
  A quokka (D:1)
  A ball python (D:1)
  7 frilled lizards
  37 kobolds
  4 rats
  A lurking horror (Abyss:2)
867 creatures vanquished.

Vanquished Creatures (collateral kills)
  A killer bee zombie (D:9)
1 creature vanquished.

Vanquished Creatures (others)
  A bullfrog (D:8)
  57 fungi
  A lurking horror (Abyss:2)
  106 plants
  2 starspawn tentacles (Abyss:2)
  A withered plant (D:1)
168 creatures vanquished.

Grand Total: 1036 creatures vanquished

Notes
Turn   | Place    | Note
-------+----------+-------------------------------------------
     0 | D:1      | Astera the Minotaur Fighter began the quest for the Orb.
     0 | D:1      | Reached XP level 1. HP: 19/19 MP: 0/0
    63 | D:1      | Found Neuruxze's General Store.
   257 | D:1      | Reached XP level 2. HP: 26/27 MP: 1/1
   618 | D:1      | Reached skill level 3 in Axes
   626 | D:1      | Reached XP level 3. HP: 32/33 MP: 2/2
   634 | D:1      | Found a faded altar of an unknown god.
  1179 | D:2      | Found a white marble altar of Elyvilon.
  1191 | D:2      | Became a worshipper of Elyvilon the Healer
  1684 | D:2      | Reached * piety under Elyvilon
  1869 | D:3      | Reached XP level 4. HP: 40/40 MP: 3/3
  1902 | D:3      | Upgraded the game from 0.28-a0-768-g8c92f1e708 to
                  | 0.28-a0-771-g91a516d0e7
  2068 | D:3      | Found Voeng's Assorted Antiques.
  2188 | D:3      | Reached skill level 4 in Axes
  2419 | D:3      | Noticed a centaur
  2423 | D:3      | Killed a centaur
  2424 | D:3      | Reached skill level 5 in Armour
  2424 | D:3      | Reached XP level 5. HP: 40/46 MP: 4/4
  2480 | D:3      | Found a sacrificial altar of Ru.
  2611 | D:3      | Found a blossoming altar of Fedhas.
  2878 | D:3      | Noticed Grinder
  2893 | D:3      | Killed Grinder
  2894 | D:3      | Reached skill level 5 in Axes
  2894 | D:3      | Reached skill level 1 in Dodging
  2894 | D:3      | Reached XP level 6. HP: 17/53 MP: 5/5
  3161 | D:3      | Reached ** piety under Elyvilon
  3448 | D:4      | Reached skill level 6 in Axes
  3609 | D:3      | Reached XP level 7. HP: 53/60 MP: 6/6
  3685 | D:4      | Noticed a hornet
  3686 | D:4      | Paralysed by a hornet for 3 turns
  3990 | D:1      | Bought a scroll of blinking for 97 gold pieces
  4464 | D:5      | Entered Level 5 of the Dungeon
  4464 | D:5      | Reached *** piety under Elyvilon
  4539 | D:4      | Killed a hornet
  4540 | D:4      | Reached skill level 7 in Axes
  4764 | D:5      | Reached skill level 5 in Fighting
  5059 | D:5      | Noticed a yak
  5090 | D:5      | Reached XP level 8. HP: 70/70 MP: 7/7
  5120 | D:5      | Reached skill level 5 in Shields
  5526 | D:5      | Found a staircase to the Ecumenical Temple.
  6257 | D:6      | Identified the ring of Oqaem {rN+ rCorr Dex+7}
  6298 | D:6      | Reached skill level 8 in Axes
  6431 | D:6      | Reached **** piety under Elyvilon
  6522 | D:6      | Reached XP level 9. HP: 74/78 MP: 8/8
  6921 | D:6      | Identified the +9 plate armour "Xutisi" {rElec Dex+7}
  7304 | D:6      | Reached skill level 9 in Axes
  7375 | D:7      | Reached skill level 1 in Stealth
  7571 | D:7      | Noticed a deep elf pyromancer
  7847 | D:7      | Killed a deep elf pyromancer
  7848 | D:7      | Reached skill level 10 in Axes
  7848 | D:7      | Reached skill level 10 in Armour
  7932 | D:7      | Reached XP level 10. HP: 88/88 MP: 9/9
  8169 | D:7      | Noticed a cyclops
  8180 | D:7      | Killed a cyclops
  8181 | D:7      | Reached skill level 11 in Axes
  8261 | D:7      | Noticed a cyclops
  8280 | D:7      | Killed a cyclops
  8409 | D:7      | Noticed a death knight
  8438 | D:7      | Killed a death knight
  8439 | D:7      | Reached skill level 12 in Axes
  8600 | D:7      | Noticed a gargoyle
  8622 | D:7      | Killed a gargoyle
  8987 | D:8      | Noticed a centaur warrior
  8999 | D:8      | Killed a centaur warrior
  9000 | D:8      | Reached skill level 13 in Axes
  9000 | D:8      | Reached XP level 11. HP: 78/97 MP: 10/10
  9040 | D:8      | Noticed a red ugly thing
  9293 | D:8      | Reached ***** piety under Elyvilon
  9422 | D:8      | Found a radiant altar of Vehumet.
  9519 | D:8      | Found a transporter.
  9521 | D:8      | Identified the +4 ring mail of the Hippo {-Tele Drain rN+++
                  | Dex+3 Stlth+}
  9521 | D:8      | Identified the -10 kite shield "Juur" {rN+ Stlth+}
  9656 | D:8      | Noticed a six-headed hydra
  9913 | D:8      | Found a staircase to the Lair.
  9950 | D:8      | Killed a red ugly thing
 10156 | D:8      | Found a transporter.
 10229 | D:8      | Noticed a centaur warrior
 10253 | D:8      | Killed a centaur warrior
 10254 | D:8      | Reached skill level 10 in Fighting
 10508 | D:8      | Noticed Ijustatesigmund's ghost (novice GnDe)
 10584 | D:8      | Identified the ring of the Catfish {Fly rF++ Str-3 Int-2
                  | Dex+8}
 10713 | D:8      | Killed Ijustatesigmund's ghost
 10955 | D:9      | Reached skill level 1 in Evocations
 11143 | D:9      | Found a flagged portal.
 11161 | Bailey   | Entered a bailey
 11185 | Bailey   | Noticed an orc warlord
 11554 | Bailey   | Found a runed translucent gate.
 11556 | Bailey   | Found a runed translucent gate.
 11610 | Bailey   | Found a runed translucent gate.
 11824 | Bailey   | Killed an orc warlord
 11825 | Bailey   | Reached skill level 14 in Axes
 11825 | Bailey   | Reached skill level 1 in Throwing
 11854 | Bailey   | Got the Papyrus of the Lethal Volcanoes
 12087 | D:9      | Found a hide-covered altar of Uskayaw.
 12187 | D:9      | Found a staircase to the Orcish Mines.
 12191 | D:9      | Noticed a two-headed ogre
 12213 | D:9      | Killed a two-headed ogre
 12214 | D:9      | Reached XP level 12. HP: 98/107 MP: 11/11
 12228 | D:9      | Reached ****** piety under Elyvilon
 12651 | D:10     | Entered Level 10 of the Dungeon
 12651 | D:10     | Noticed Maggie
 12664 | D:9      | Reached skill level 10 in Shields
 12666 | D:9      | Killed Maggie
 12838 | D:10     | Noticed a two-headed ogre
 12866 | D:10     | Killed a two-headed ogre
 13572 | D:11     | Noticed a centaur warrior
 13578 | D:11     | Killed a centaur warrior
 13721 | D:11     | Noticed a boulder beetle
 13737 | D:11     | Killed a boulder beetle
 13738 | D:11     | Reached skill level 15 in Axes
 13907 | D:11     | Reached XP level 13. HP: 107/116 MP: 11/15
 14238 | D:11     | Acquired a +0 kite shield of reflection
 14251 | D:11     | Acquired the +5 battleaxe of the Middle {vorpal, rC+ rN+
                  | rCorr}
 14332 | D:12     | Found a sparkling altar of Nemelex Xobeh.
 15405 | Orc:1    | Entered Level 1 of the Orcish Mines
 15651 | Orc:1    | Noticed an orc warlord
 15691 | D:9      | Killed an orc warlord
 16237 | Orc:2    | Entered Level 2 of the Orcish Mines
 16393 | Orc:2    | Found a staircase to the Elven Halls.
 16399 | Orc:2    | Noticed Rupert
 16403 | Orc:2    | Paralysed by Rupert for 3 turns
 16413 | Orc:2    | HP: 5/117 [Rupert (29)]
 16414 | Orc:2    | Elyvilon protects you from harm!
 16414 | Orc:2    | Elyvilon protects you from harm!
 17012 | Orc:2    | Paralysed by Rupert for 6 turns
 17063 | Orc:2    | Paralysed by Rupert for 3 turns
 17069 | Orc:2    | Killed Rupert
 17070 | Orc:2    | Reached skill level 5 in Dodging
 17606 | Orc:2    | Paralysed by an orc sorcerer for 4 turns
 17613 | Orc:2    | Reached XP level 14. HP: 112/126 MP: 16/16
 17671 | Orc:2    | Paralysed by something for 7 turns
 17731 | Orc:2    | Found Wompyuw's Antique Weapon Boutique.
 17855 | Orc:2    | Noticed Nergalle
 17856 | Orc:2    | Found an ancient bone altar of Kikubaaqudgha.
 17859 | Orc:2    | Paralysed by an orc sorcerer for 2 turns
 17866 | Orc:2    | Killed Nergalle
 17889 | Orc:2    | Found Ahul Gaepn's Magic Scroll Shop.
 17898 | Orc:2    | Reached skill level 16 in Axes
 17923 | Orc:2    | Found a radiant altar of Vehumet.
 18092 | Orc:2    | Found Pyiggyas's Antique Armour Shop.
 18101 | Orc:2    | Paralysed by an orc sorcerer for 7 turns
 18149 | Orc:2    | Found Lommout's Book Boutique.
 18489 | Orc:1    | Noticed Urug
 18503 | Orc:2    | Killed Urug
 18883 | Lair:1   | Entered Level 1 of the Lair of Beasts
 19805 | Lair:2   | Found a staircase to the Snake Pit.
 19946 | Lair:2   | Reached skill level 17 in Axes
 21381 | Lair:3   | Found a transporter.
 21382 | Lair:3   | Found a transporter.
 22283 | Lair:4   | Reached skill level 18 in Axes
 23202 | Lair:4   | Found a staircase to the Swamp.
 23621 | Lair:5   | Reached XP level 15. HP: 124/138 MP: 17/17
 23793 | Lair:5   | Found a runed translucent door.
 23868 | Lair:5   | Reached skill level 15 in Armour
 24462 | Lair:5   | Found a viscous altar of Jiyva.
 24462 | Lair:5   | Found a staircase to the Slime Pits.
 24462 | Lair:5   | Noticed an acid blob
 24462 | Lair:5   | Noticed an acid blob
 24868 | Lair:6   | Entered Level 6 of the Lair of Beasts
 24888 | Lair:6   | Found an iron altar of Okawaru.
 24901 | Lair:6   | Reached skill level 19 in Axes
 25674 | Lair:6   | Reached skill level 15 in Fighting
 26170 | Lair:6   | Reached skill level 20 in Axes
 27500 | Lair:5   | Killed an acid blob
 27508 | Lair:5   | Killed an acid blob
 27984 | Elf:1    | Entered Level 1 of the Elven Halls
 28108 | Elf:1    | Paralysed by an air elemental for 1 turns
 28160 | Elf:1    | Reached XP level 16. HP: 151/151 MP: 18/18
 28404 | Elf:1    | Noticed an Ice Fiend
 28419 | Elf:1    | HP: 2/152 [poisoned by something (dark miasma)]
 28420 | Elf:1    | Elyvilon protects you from harm!
 28797 | Elf:1    | Cast into level 2 of the Abyss (a deep elf demonologist)
 28825 | Abyss:2  | Identified the amulet "Veh Wyewa" {Regen+ Dex+3}
 28873 | Abyss:2  | Noticed a lich
 28893 | Abyss:2  | Killed a lich
 28952 | Abyss:2  | Reached skill level 21 in Axes
 29025 | Abyss:2  | Reached skill level 5 in Invocations
 29054 | Abyss:2  | Noticed a tentacled starspawn
 29074 | Abyss:2  | Killed a tentacled starspawn
 29246 | Abyss:2  | Noticed a tentacled starspawn
 29264 | Abyss:2  | Killed a tentacled starspawn
 29434 | Elf:1    | Escaped the Abyss
 29461 | Elf:1    | Noticed a Tzitzimitl
 29673 | Elf:1    | Got Mnoleg's Almanac of the Entourage
 30347 | Elf:1    | Identified the ring "Koavyto" {Drain rF+ Will+ Int+2 Dex+6}
 30706 | Elf:2    | Identified the +9 ring mail of a sewer {rC- Regen+ Dex+4
                  | Slay+5}
 30801 | Elf:2    | Noticed a deep elf blademaster
 30945 | Elf:2    | Reached skill level 22 in Axes
 31014 | Elf:2    | Killed a deep elf blademaster
 31070 | Elf:2    | Found a runed translucent gate.
 31070 | Elf:2    | Found a runed translucent gate.
 31071 | Elf:2    | Found a runed translucent gate.
 31076 | Elf:2    | Reached XP level 17. HP: 162/165 MP: 19/19
 31496 | Elf:2    | Identified the +12 rapier "Entaiq" {venom, +Blink Str-2
                  | Int+3 Dex+2}
 31786 | Elf:3    | Entered Level 3 of the Elven Halls
 31893 | Elf:3    | Found a transporter.
 31893 | Elf:3    | Found Goles's Distillery.
 31894 | Elf:3    | Found a bloodstained altar of Trog.
 31896 | Elf:3    | Noticed 1994's ghost (adept OgHu)
 31896 | Elf:3    | Noticed a deep elf blademaster
 31903 | Elf:3    | Bought a potion of lignification for 48 gold pieces
 31903 | Elf:3    | Bought a potion of curing for 48 gold pieces
 31903 | Elf:3    | Bought 2 potions of curing for 96 gold pieces
 31903 | Elf:3    | Bought a potion of curing for 48 gold pieces
 31903 | Elf:3    | Bought a potion of ambrosia for 128 gold pieces
 31903 | Elf:3    | Bought a potion of curing for 48 gold pieces
 31903 | Elf:3    | Bought a potion of haste for 160 gold pieces
 31903 | Elf:3    | Bought a potion of haste for 160 gold pieces
 31906 | Elf:3    | Found a transporter.
 31909 | Elf:3    | Noticed a deep elf blademaster
 31921 | Elf:3    | Noticed a deep elf blademaster
 32293 | Elf:3    | Cast into level 2 of the Abyss (a deep elf sorcerer)
 32424 | Abyss:2  | Identified the ring "Nefahace" {rCorr Str+6}
 32519 | Abyss:2  | Gained mutation: [Your body sometimes deteriorates upon
                  | taking damage.] [a neqoxec]
 32534 | Abyss:2  | Gained mutation: [Potions are less effective at restoring
                  | your health.] [a neqoxec]
 32593 | Abyss:2  | Lost intelligence.
 32596 | Abyss:2  | Elyvilon protects you from harm!
 32597 | Abyss:2  | HP: 3/168 [wretched star/lance of force (23)]
 32599 | Abyss:2  | Elyvilon protects you from harm!
 32640 | Abyss:2  | HP: 4/117 [starcursed mass/accursed screaming (7)]
 32641 | Abyss:2  | Elyvilon protects you from harm!
 32641 | Abyss:2  | Paralysed by accursed screaming for 1 turns
 32645 | Abyss:2  | HP: 3/117 [starcursed mass/accursed screaming (8)]
 32646 | Abyss:2  | Killed from afar by a starcursed mass

Illustrated notes

Levels and vault maps discovered:
D:1:      minmay_arrival_checkered_box, layout_basic, serial_shops, shop,
          ebering_ecumenical_altar_petrified
D:2:      minmay_kobold_bridge, layout_loops_corners, basic_altar
D:3:      layout_loops_corners, nicolae_ru_awakened_eye,
          mainiacjoe_overflow_alcove_1, serial_shops, shop,
          roderic_roman_lattice, uniq_grinder
D:4:      layout_gridville, minmay_misc_feat_columns
D:5:      minmay_general_purpose_star, layout_layer_cave,
          minmay_temple_entry_glassed_door
D:6:      layout_loops_ring, chequers_serial_rivers_large_a
D:7:      minmay_klotski, layout_loops_ring, st_stairs_8, minmay_manual_mess
D:8:      minmay_the_grid_octo_2x2 [minmay_the_grid_octo_checkerflower,
          minmay_the_grid_octo_fan_narrow, minmay_the_grid_octo_concentric,
          minmay_the_grid_octo_prize_square_snowflake], layout_layer_cave,
          mainiacjoe_overflow_alcove_4, lair_entry_dummy,
          gammafunk_ghost_gnarly_gnolls
D:9:      layout_basic, lemuel_crystal_altar, erik_orc_3, enter_bailey_4,
          special_room [special_room_kobold]
D:10:     layout_long_grid, minmay_misc_feat_chi, minivault_1, grunt_decor_cap,
          uniq_maggie
D:11:     layout_loops_ring
D:12:     layout_rooms, gauntlet_entry_generic, serial_glass, glass_columns_a,
          glass_columns_a, due_unseen_surprise, feat_on_display,
          item_on_display_a, item_on_display_a,
          eino_small_chamber_without_monster, nemelex_altar_shiori
Lair:1:   layout_regular_city, st_stairs_9, minivault_27, grunt_megastairs_3,
          infiniplex_staircase_pool_2
Lair:2:   layout_misc_corridors, minmay_snake_entry_guardpost_small,
          infiniplex_staircase_pool, grunt_megastairs_2
Lair:3:   gammafunk_boulding_lane, layout_cave_pods
Lair:4:   layout_roguey, minmay_swamp_entry_worms, special_room
          [special_room_bee], grunt_forest_stairs_clearing
Lair:5:   dreamdust_isle_of_ice, layout_layer_cave, slime_altar_2
Lair:6:   hangedman_lair_tendril_chambers, layout_gridlike,
          guppyfry_lair_end_dragon, basic_altar, serial_bayou_shore_a
Orc:1:    layout_diamond_mine, basic_altar, uniq_urug
Orc:2:    kennysheep_orc_mage_school, layout_diamond_mine, basic_altar,
          minmay_orc_temple_a, uniq_rupert
Elf:1:    minmay_elf_arrival_summoners, layout_loops_corners,
          minmay_elf_demonology, corner_web_ring
Elf:2:    elven_hall_of_blades_hangedman_original
          [nicolae_blade_entry_crossed_weapons], layout_geoelf_diagonals
Elf:3:    minmay_elf_hall_dome, layout_geoelf_octagon, serial_shops, shop,
          gammafunk_ghost_wrathful_warriors
Abyss:2:  base: Vaults:5, minivault_13, base: Gauntlet, evilmike_abyss_exit_10,
          gammafunk_corrupted_shrine, evilmike_abyss_exit_10

Skill      XL: |  1  2  3  4  5  6  7  8  9 10 11 12 13 14 15 16 17 |
---------------+----------------------------------------------------+-----
Armour         | 4 5 6 7 9 10 11 12 13 14 15 17 | 17.8
Axes           | 3 4 5 6 7 8 10 13 14 15 18 20 22 | 22.6
Shields        | 4 5 7 8 9 12 | 12.5
Fighting       | 4 5 6 8 9 10 11 12 14 16 18 19 | 19.2
Dodging        | 1 2 3 4 5 |  5.8
Stealth        | 1 2 |  2.5
Evocations     | 1 2 |  2.6
Throwing       | 1 2 |  2.0
Invocations    | 4 5 |  5.2

Action                   |  1- 3 |  4- 6 |  7- 9 | 10-12 | 13-15 | 16-18 || total
-------------------------+-------+-------+-------+-------+-------+-------++-------
Melee: War axe           |    60 |       |       |       |       |       ||    60
       Headbutt          |    10 |    13 |    64 |   316 |   285 |   212 ||   900
       Hand axe          |    29 |    76 |   221 |   729 |    11 |       ||  1066
       Battleaxe         |       |       |       |       |   747 |   599 ||  1346
       Morningstar       |       |       |       |       |    49 |       ||    49
Throw: Dart              |       |       |     2 |    11 |       |       ||    13
       Boomerang         |       |       |       |     6 |       |       ||     6
Invok: Purification      |       |       |     1 |       |     2 |     2 ||     5
       Heal Self         |       |       |       |     1 |     7 |     4 ||    12
       Divine Vigour     |       |       |       |       |     1 |       ||     1
Evoke: Wand              |       |       |       |     1 |       |       ||     1
  Use: Scroll            |       |     4 |     3 |     7 |    14 |     3 ||    31
       Potion            |       |       |     3 |     1 |     4 |     2 ||    10
 Stab: Sleeping          |       |       |       |       |     1 |       ||     1
       Petrifying        |       |       |       |       |     1 |       ||     1
       Distracted        |       |       |       |       |       |     1 ||     1
Armor: Scale mail        |    34 |    10 |     5 |       |       |       ||    49
       Chain mail        |       |       |    26 |       |       |       ||    26
       Plate armour      |       |       |    17 |   221 |   608 |   347 ||  1193
Dodge: Dodged            |    41 |    42 |   105 |   220 |   512 |   263 ||  1183
Block: Buckler           |    20 |    13 |    57 |    85 |       |       ||   175
       Kite shield       |       |       |       |   238 |     3 |       ||   241

Table legend: (Time is in decaauts)
 A = Elapsed time spent in this place.
 B = Non-inter-level travel time spent in this place.
 C = Inter-level travel time spent in this place.
 D = Time resting spent in this place.
 E = Time spent auto-exploring this place.
 F = Levels seen in this place.
 G = Mean time per level.
                   A        B        C        D        E       F      G
               +--------+--------+--------+--------+--------+-----+--------+
         Total |  32198 |  30546 |   1652 |   7071 |  11577 |  26 | 1238.4 |
       Dungeon |  15162 |  14011 |   1151 |   3297 |   4608 |  12 | 1263.5 |
          Lair |   8784 |   8473 |    311 |   1733 |   5095 |   6 | 1464.0 |
  Orcish Mines |   3344 |   3172 |    172 |   1295 |    219 |   2 | 1672.0 |
   Elven Halls |   3107 |   3090 |     17 |    339 |   1508 |   3 | 1035.7 |
         Abyss |    945 |    945 |      0 |    157 |      0 |   2 |  472.5 |
        Bailey |    853 |    853 |      0 |    250 |    146 |   1 |  853.0 |
               +--------+--------+--------+--------+--------+-----+--------+

Top non-repeatable levels by time:
   Orc:2: 2792 daAuts
  Lair:6: 2303 daAuts
     D:8: 2130 daAuts
  Lair:5: 1871 daAuts
     D:3: 1748 daAuts
  Lair:4: 1680 daAuts
     D:5: 1679 daAuts
     D:7: 1633 daAuts
     D:9: 1545 daAuts
   Elf:1: 1512 daAuts
    D:11: 1369 daAuts
  Lair:3: 1234 daAuts
     D:1: 1133 daAuts
   Elf:2: 1101 daAuts
     D:6: 1073 daAuts
